[Event "*** Titled Tuesday Blitz"]
[Site "Chess.com"]
[Date "2020.04.21"]
[Round "4"]
[White "cholzan"]
[Black "agrigo3"]
[Result "1-0"]
[WhiteElo "2491"]
[BlackElo "2301"]
[TimeControl "180+1"]
[EndTime "10:40:07 PDT"]
[Termination "cholzan won on time"]

1. d4 d6 2. Nf3 g6 3. c4 Bg7 4.
Nc3 c6 5. e4 e5 6. Be2 Nd7 7. O-O Ne7 8. Re1 O-O 9. Bf1 a6 10.
d5 cxd5 11. cxd5 b5 12. b4 h6 13. a4 bxa4 14. Nxa4 f5 15. Nd2 fxe4 16. Nxe4 Nf6 17. Nxf6+ Rxf6 18. Be3 Bb7 19. Qd2 Nf5 20. Bb6 Qd7 21.
Rec1 Rc8 22. Rxc8+ Bxc8 23. Rc1 Rf7 24. Qc2 Bb7 25. Qc7 Qxc7 26. Rxc7 Rxc7 27. Bxc7 e4 28. Nb6 Bd4 29. Nc4 e3 30. fxe3 Nxe3 31. Nxe3 Bxe3+ 32. Kh1 Bf4 33. Bc4 Kf7 34. g3 Be5 35. Kg2 Ke7 36.
Kf3 h5 37. Bb6 Kf6 38. Be3 g5 39. h4 g4+ 40. Kf2 Bc8 41. Bd3 Bc3 42. Bg5+ Kf7 43.
b5 axb5 44. Bxb5 Bf5 45. Ke3 Bb4 46. Kf4 Bc2 47. Ke3 Bc5+ 48. Kd2 1-0

[Event "*** Titled Tuesday Blitz"]
[Site "Chess.com"]
[Date "2020.04.21"]
[Round "4"]
[White "gurelediz"]
[Black "FCChelsea14"]
[Result "0-1"]
[WhiteElo "2608"]
[BlackElo "2765"]
[TimeControl "180+1"]
[EndTime "10:40:08 PDT"]
[Termination "FCChelsea14 won by resignation"]

1. e4 c6 2. d4 d5 3. Nc3 dxe4 4. Nxe4 Bf5 5. Nc5 Nd7 6. Nxb7 Qc7 7. Nc5 Nxc5 8. dxc5 e6 9. Nf3 Rd8 10. Bd3 Bxc5 11.
O-O Nf6 12. Bg5 Be7 13. Qe2 Bxd3 14. cxd3 O-O 15. d4 h6 16. Bh4 Rd5 17. Rac1 Qb6 18.
Rfd1 Rfd8 19. h3 Qb7 20. b3 Ba3 21. Bxf6 gxf6 22. Rb1 Bf8 23. b4 Bg7 24. a4 f5 25.
Qc4 Qb6 26. a5 Qb5 27. Qxb5 cxb5 28. Rdc1 Bxd4 29. Rc7 R8d7 30. Rbc1 Bf6 31. R7c5 a6 32. Rc6 R5d6 33. Rc8+ Kg7 34. R8c6 Be7 35. g3 Rxc6 36. Rxc6 Rd6 37. Rc7 Bf6 38. g4 fxg4 39. hxg4 e5 40. Kg2 e4 41. Nh2 Rd2 42. Nf1 Rb2 43. Ne3 Bd4 44. Kg3 Be5+ 0-1

[Event "*** Titled Tuesday Blitz"]
[Site "Chess.com"]
[Date "2020.04.21"]
[Round "4"]
[White "binbin239"]
[Black "alex_zapata"]
[Result "1-0"]
[WhiteElo "2444"]
[BlackElo "2245"]
[TimeControl "180+1"]
[EndTime "10:40:08 PDT"]
[Termination "binbin239 won on time"]

1. d4 d5 2. c4 Nf6 3. cxd5 Nxd5 4. Nf3 c5 5. g3 e6 6. Bg2 Nc6 7. O-O Be7 8. Nc3 O-O 9. e4 Nf6 10. Be3 cxd4 11. Nxd4 Ne5 12. Bf4 Ng6 13. Be3 Ne5 14. Ndb5 a6 15. Qxd8 Rxd8 16. Nc7 Rb8 17. Ba7 Bd7 18.
Bxb8 Rxb8 19. Rac1 Rc8 20. Ne2 Bc6 21. f4 Nd3 22.
Rc3 Bc5+ 23. Kh1 Nf2+ 24. Rxf2 Bxf2 25. e5 Rxc7 26. exf6 gxf6 27. Bxc6 Rxc6 28. Rb3 b5 29. Kg2 Bb6 30. Kf3 Rc2 31. Rd3 Kg7 32. Rd6 Bc5 33.
Rxa6 Bb4 34. a3 Be1 35. b4 Ra2 36. Ra5 h5 37. Ke3 Kg6 38. Kd3 Bf2 39. Nc3 Ra1 40.
Rxb5 Rh1 41. Ne4 Rxh2 42. a4 Bg1 43. a5 Ra2 44. Rb7 f5 45. Nd6 Ra3+ 46. Kc4 1-0

[Event "*** Titled Tuesday Blitz"]
[Site "Chess.com"]
[Date "2020.04.21"]
[Round "4"]
[White "HarryCun"]
[Black "RichardWe"]
[Result "1-0"]
[WhiteElo "2164"]
[BlackElo "2412"]
[TimeControl "180+1"]
[EndTime "10:40:08 PDT"]
[Termination "HarryCun won by checkmate"]

1. Nf3 d5 2. g3 c6 3. Bg2 Nf6 4. O-O Bg4 5. d3 Bxf3 6. Bxf3 Nbd7 7. Nd2 e6 8. Bg2 Be7 9. e4 dxe4 10. dxe4 O-O 11.
Re1 Ne5 12. f4 Qb6+ 13. Kh1 Neg4 14. Re2 Nf2+ 15. Rxf2 Qxf2 16. e5 Nd5 17. Ne4 Qb6 18. Qe2 Rad8 19. c3 Rd7 20. Bh3 Qd8 21. f5 exf5 22.
Bxf5 Rc7 23. Bd2 g6 24. Bh3 Re8 25. c4 Nb6 26. Rd1 Qb8 27. Rf1 Rf8 28. Bh6 Rcc8 29.
Bxc8 Rxc8 30. Qf3 Rf8 31. Nf6+ Kh8 32. Ng4 Kg8 33. Bxf8 Qxf8 34. Nh6+ Kg7 35. Nxf7 Nxc4 36. e6 Nb6 37. Qc3+ Kg8 38. Qh8# 1-0

[Event "*** Titled Tuesday Blitz"]
[Site "Chess.com"]
[Date "2020.04.21"]
[Round "4"]
[White "Gordima"]
[Black "MFBerna"]
[Result "1-0"]
[WhiteElo "2719"]
[BlackElo "2370"]
[TimeControl "180+1"]
[EndTime "10:40:09 PDT"]
[Termination "Gordima won by checkmate"]

1. d4 d5 2. c4 c6 3. Nf3 Nf6 4. e3 Bf5 5. Nc3 e6 6. Nh4 Bg6 7. Nxg6 hxg6 8. Qb3 Qb6 9. g3 Nbd7 10. Bg2 Be7 11. Bd2 O-O 12. O-O dxc4 13. Qxc4 Qxb2 14. Qd3 Qb6 15. Rab1 Qc7 16. Rfc1 Rad8 17. Qc2 e5 18. Qa4 exd4 19. exd4 Qb8 20. Bf4 Qa8 21. Re1 Rfe8 22.
Qb3 Nb6 23. Be5 Qc8 24. a4 Nbd5 25. Nxd5 Nxd5 26. Qxb7 Qxb7 27. Rxb7 a5 28. Bxd5 Rxd5 29. Bf4 Kf8 30. Rc7 Rxd4 31. Rxc6 Rxa4 32. Rc7 Bf6 33. Bd6+ Be7 34. Rexe7 Rxe7 35. Rc8# 1-0

[Event "*** Titled Tuesday Blitz"]
[Site "Chess.com"]
[Date "2020.04.21"]
[Round "4"]
[White "Alopekos"]
[Black "Gandrade2"]
[Result "1-0"]
[WhiteElo "2385"]
[BlackElo "1970"]
[TimeControl "180+1"]
[EndTime "10:40:09 PDT"]
[Termination "Alopekos won on time"]

1. e4 c5 2. Nc3 g6 3. Nf3 Bg7 4. d4 cxd4 5. Nxd4 Nc6 6. Nxc6 bxc6 7. Bc4 Nf6 8. e5 Ng8 9. Qf3 e6 10. Bf4 Ne7 11. Ne4 O-O 12. O-O Qa5 13. Nf6+ Bxf6 14.
exf6 Nd5 15. Bd6 Ba6 16. Bxa6 Qxa6 17. b3 Rfe8 18. c4 Nb6 19. Qf4 Kh8 20. Qh6 Rg8 21. Rad1 Qxa2 22. Rd3 g5 23. Rh3 Qc2 24. Qh5 g4 25.
Rh4 Qf5 26. Qh6 Qg6 27. Qe3 a5 28. Qxb6 g3 29. hxg3 Qxf6 30. Qe3 Qg6 31. Rh6 Qg7 32. Be5 f6 33. Bxf6 1-0

[Event "*** Titled Tuesday Blitz"]
[Site "Chess.com"]
[Date "2020.04.21"]
[Round "4"]
[White "FairChess_on_YouTube"]
[Black "Anurag328"]
[Result "1-0"]
[WhiteElo "3040"]
[BlackElo "2711"]
[TimeControl "180+1"]
[EndTime "10:40:10 PDT"]
[Termination "FairChess_on_YouTube won by resignation"]

1. d4 Nf6 2. c4 c5 3. Nf3 cxd4 4.
Nxd4 g6 5. Nc3 Bg7 6. e4 d6 7. f3 O-O 8. Be3 Nc6 9. Qd2 Nxd4 10. Bxd4 Be6 11. b3 a5 12. Be2 Nd7 13. Bxg7 Kxg7 14.
O-O Qb6+ 15. Kh1 Qb4 16. f4 Nf6 17. Qb2 a4 18. f5 a3 19. Qc2 Bd7 20. Rae1 Ra5 21.
fxg6 hxg6 22. Nd5 Nxd5 23. exd5 e5 24. Bd3 Raa8 25. Re3 Rh8 26. Rg3 Rh6 27. Qf2 f5 28. Rg5 Rf8 29. h3 Qc5 30. Qg3 Qd4 31. Bxf5 Bxf5 32.
Rgxf5 Rxf5 33. Rxf5 Qh4 34. Rf3 Qxg3 35. Rxg3 Rh4 36.
Rd3 b6 37. Kg1 Kf6 38. Kf2 Rf4+ 39. Rf3 g5 40. g3 1-0

[Event "*** Titled Tuesday Blitz"]
[Site "Chess.com"]
[Date "2020.04.21"]
[Round "4"]
[White "Chessmasterzt"]
[Black "sganerdene"]
[Result "0-1"]
[WhiteElo "2491"]
[BlackElo "2665"]
[TimeControl "180+1"]
[EndTime "10:40:10 PDT"]
[Termination "sganerdene won on time"]

1. Nf3 Nf6 2. c4 g6 3. Nc3 Bg7 4. e4 d6 5. d4 O-O 6. Be2 Na6 7. O-O e5 8. d5 Nh5 9. g3 Bh3 10. Re1 Bg4 11. Nh4 Bxe2 12. Qxe2 Bf6 13. Ng2 Ng7 14. Be3 Be7 15. f4 Bf6 16. Rf1 exf4 17. gxf4 Qe7 18. Qc2 Rfe8 19. Rae1 Nh5 20. Bf2 Qd7 21. e5 dxe5 22.
Ne4 Bg7 23. Bh4 f5 24. Ng5 e4 25. Ne6 Rxe6 26. dxe6 Qxe6 27. Bf2 Re8 28. a3 Nf6 29.
Ne3 Qd6 30. b4 Qxf4 31. Bg3 Qg5 32. c5 Nh5 33. Qf2 f4 34. Kh1 Rf8 35. Bh4 Qe5 36.
Qa2+ Kh8 37. Nc4 Qe6 38. c6 b5 39. Qc2 bxc4 40. Rxe4 Qxc6 41. Kg1 c3 42. Rfxf4 Nxf4 43. Rxf4 Rxf4 44. Qg2 Qxg2+ 45. Kxg2 c2 0-1

[Event "*** Titled Tuesday Blitz"]
[Site "Chess.com"]
[Date "2020.04.21"]
[Round "4"]
[White "yamalchess"]
[Black "yavrukurt40"]
[Result "0-1"]
[WhiteElo "2541"]
[BlackElo "2784"]
[TimeControl "180+1"]
[EndTime "10:40:11 PDT"]
[Termination "yavrukurt40 won on time"]

1. d4 g6 2. h4 Nf6 3. Nc3 d5 4. Bg5 Bg7 5. e3 h6 6. Bf4 c6 7. Bd3 Nbd7 8. Nf3 c5 9. Ne5 Nxe5 10. Bxe5 c4 11. Be2 Be6 12. h5 g5 13. Qd2 Kf8 14.
g3 b5 15. a3 a5 16. Bf3 b4 17. axb4 axb4 18. Rxa8 Qxa8 19. Nd1 Qb7 20. Bg2 Ne4 21. Bxe4 dxe4 22. O-O f6 23. d5 Bxd5 24. Bd4 Kf7 25. Bc5 Rb8 26. Bxb4 Be6 27. Ba3 Bg4 28. Nc3 Bxh5 29.
Qd5+ Qxd5 30. Nxd5 Bf3 31. Nxe7 Rb5 32. Nc6 f5 33.
Ra1 Bxb2 34. Bxb2 Rxb2 35. Nd4 Bg4 36. Kf1 h5 37. Ke1 h4 38. gxh4 gxh4 39. Kd2 Rb8 40. Ra7+ Kf6 41. Rh7 h3 0-1

[Event "*** Titled Tuesday Blitz"]
[Site "Chess.com"]
[Date "2020.04.21"]
[Round "4"]
[White "chito89"]
[Black "Mikhail_Golubev"]
[Result "1-0"]
[WhiteElo "2760"]
[BlackElo "2530"]
[TimeControl "180+1"]
[EndTime "10:40:11 PDT"]
[Termination "chito89 won by resignation"]

1. Nf3 d6 2. d4 Nf6 3. Nc3 Nbd7 4.
e4 e5 5. Bc4 Be7 6. O-O O-O 7.
Re1 c6 8. a4 a5 9. h3 exd4 10. Nxd4 Nc5 11. Bf4 Nfxe4 12. Nxe4 Nxe4 13. Rxe4 d5 14. Rxe7 Qxe7 15. Bd3 Qf6 16. Qd2 h6 17. Re1 Bd7 18. Be5 Qd8 19. Re3 Re8 20. Nf3 Qb6 21. Qc3 f6 22. Bd4 Qb4 23. Qxb4 axb4 24.
b3 Rxe3 25. Bxe3 b5 26. axb5 cxb5 27. Bc5 Ra1+ 28. Kh2 Kf7 29. Nd4 Ra8 30. Bxb4 Rb8 31.
Bd6 Rb6 32. Bc5 Rb7 33. b4 Rb8 34. g4 Rb7 35. Kg3 Rb8 36. h4 Rb7 37. h5 Rb8 38. Kf4 Rb7 39. Bg6+ Kg8 40. Nf5 Bxf5 41. Kxf5 Rb6 42.
Bxb6 1-0

[Event "*** Titled Tuesday Blitz"]
[Site "Chess.com"]
[Date "2020.04.21"]
[Round "4"]
[White "Alliswell998"]
[Black "Avileyshon7"]
[Result "1-0"]
[WhiteElo "2562"]
[BlackElo "2303"]
[TimeControl "180+1"]
[EndTime "10:40:12 PDT"]
[Termination "Alliswell998 won by resignation"]

1. e4 c5 2. Nc3 Nc6 3. f4 g6 4. Nf3 Bg7 5. Bb5 Nd4 6. O-O a6 7. Bd3 b5 8. Nxd4 cxd4 9. Ne2 Bb7 10. b4 Nf6 11. Ng3 O-O 12. Bb2 d5 13. e5 Ne4 14. Bxd4 Rc8 15. c3 Qd7 16. f5 Nxg3 17.
hxg3 Qc7 18. f6 exf6 19. exf6 Bh6 20. Qg4 Bxd2 21. Kh2 Rfe8 22. Qh4 Qd6 23. Rad1 Bxc3 24. Bc5 Rxc5 25. bxc5 Qxc5 26. Rc1 d4 27. Rf2 Re3 28.
Re2 Rxe2 29. Bxe2 Qd5 30. Bf3 Qd6 31. Bxb7 h5 32. Bf3 d3 33. Rxc3 d2 34. Bxh5 d1=Q 35. Bxd1 Qd8 36. Bb3 b4 37. Rc5 Qf8 38. Rg5 a5 39.
Rxg6+ 1-0

[Event "*** Titled Tuesday Blitz"]
[Site "Chess.com"]
[Date "2020.04.21"]
[Round "4"]
[White "powermove"]
[Black "tomsishere"]
[Result "0-1"]
[WhiteElo "1599"]
[BlackElo "2375"]
[TimeControl "180+1"]
[EndTime "10:40:12 PDT"]
[Termination "tomsishere won on time"]

1. Nf3 c5 2. c4 Nc6 3. g3 g6 4.
Bg2 Bg7 5. O-O e5 6. d3 Nge7 7. Nc3 O-O 8. Bg5 h6 9. Bd2 Nd4 10. Rb1 d6 11. Re1 Be6 12. Qc1 Kh7 13. b4 Rb8 14. e4 Nxf3+ 15. Bxf3 Nc6 16. bxc5 dxc5 17. Nd5 Nd4 18. Bg2 b5 19. Be3 Bxd5 20. cxd5 Qd6 21. Qc3 f5 22. Bxd4 exd4 23. Qa5 f4 24. Qxa7 f3 25. Bf1 Rfc8 26. Qa5 Qd7 27. Rec1 Bf8 28. Qd2 Bd6 29. Rb2 Rb7 30. Rcb1 Be5 31. Qd1 Qf7 32. Rxb5 Ra7 33. a4 Rca8 34. a5 Bg7 35. Qd2 h5 36. Rxc5 h4 0-1

[Event "*** Titled Tuesday Blitz"]
[Site "Chess.com"]
[Date "2020.04.21"]
[Round "4"]
[White "gena217"]
[Black "Kezin_Roman"]
[Result "1/2-1/2"]
[WhiteElo "2905"]
[BlackElo "2742"]
[TimeControl "180+1"]
[EndTime "10:40:13 PDT"]
[Termination "Game drawn by repetition"]

1. e4 c5 2. Nf3 e6 3. g3 Nc6 4. Bg2 Nf6 5. d3 Be7 6. O-O d5 7. Qe2 O-O 8. e5 Nd7 9. c4 d4 10. h4 Qc7 11. Bf4 b6 12. Nbd2 Bb7 13. Rfe1 a6 14.
h5 h6 15. Nf1 b5 16. b3 bxc4 17. bxc4 Rfb8 18. N1h2 Qd8 19. Ng4 Bf8 20. Nd2 Ne7 21.
Ne4 Nf5 22. Rab1 Bxe4 23. Bxe4 Rxb1 24. Rxb1 Rb8 25. Rxb8 Qxb8 26. Bxf5 exf5 27. e6 Qe8 28.
exd7 Qxe2 29. Nxh6+ gxh6 30. d8=Q Kg7 31. Qd5 Qxd3 32. Be5+ Kg8 33. Qd8 Qb1+ 34. Kh2 Qc2 35. Qf6 Qxf2+ 36. Kh1 Qf1+ 37. Kh2 Qf2+ 38. Kh1 Qf1+ 39.
Kh2 Qf2+ 1/2-1/2

[Event "*** Titled Tuesday Blitz"]
[Site "Chess.com"]
[Date "2020.04.21"]
[Round "4"]
[White "VerdeNotte"]
[Black "BilodeauA"]
[Result "1-0"]
[WhiteElo "2731"]
[BlackElo "2856"]
[TimeControl "180+1"]
[EndTime "10:40:13 PDT"]
[Termination "VerdeNotte won by resignation"]

1. e4 e5 2. Nf3 Nc6 3. d4 exd4 4. Nxd4 Bc5 5. Nxc6 bxc6 6. Nc3 Ne7 7. Bd3 d6 8. Na4 Bb6 9. O-O O-O 10. Bg5 Qe8 11. Qh5 f6 12. Qxe8 Rxe8 13. Bd2 Be6 14. Rfe1 Kf7 15. b4 Ng6 16. Nxb6 axb6 17. f4 Bd7 18. Bc4+ Kf8 19. a4 Ne7 20. a5 Nc8 21. Bd3 c5 22. bxc5 dxc5 23. e5 b5 24. Bxh7 Kf7 25. Be4 c6 26.
Bf3 f5 27. Be3 c4 28. Red1 Ke6 29. Bc5 Ra6 30. h4 g6 31. Rd2 Rh8 32. g3 Rh7 33. Bb4 Ra7 34. Rad1 Rf7 35. Rd6+ Nxd6 36. Rxd6+ Ke7 37.
Rxg6+ Kd8 38. Bc5 Ra6 39. e6 Bxe6 40. Rxe6 Kd7 41. Rd6+ Kc7 42. h5 Rd7 43. Rxd7+ Kxd7 44. Bb6 b4 45. Be2 1-0

[Event "*** Titled Tuesday Blitz"]
[Site "Chess.com"]
[Date "2020.04.21"]
[Round "4"]
[White "SlavenPastar"]
[Black "CMS13"]
[Result "1-0"]
[WhiteElo "2410"]
[BlackElo "2132"]
[TimeControl "180+1"]
[EndTime "10:40:13 PDT"]
[Termination "SlavenPastar won by checkmate"]

1. d4 d5 2. c4 e6 3. Nc3 Bb4 4. cxd5 exd5 5. Bd2 Nf6 6. e3 Bf5 7. Nf3 O-O 8. Be2 c6 9. O-O Nbd7 10. Rc1 Re8 11.
Nh4 Bg6 12. Nxg6 hxg6 13. Bd3 a5 14. Ne2 Bxd2 15. Qxd2 Ne4 16. Bxe4 Rxe4 17. Nc3 Re8 18. Na4 g5 19. Nc5 Nxc5 20. Rxc5 Ra6 21. Rfc1 f5 22. Qd3 f4 23. Re1 Qb6 24. Rc2 Qb4 25. Rce2 a4 26.
a3 Qa5 27. h3 Rb6 28. Qg6 Re4 29. exf4 Qxe1+ 30. Rxe1 Rxe1+ 31. Kh2 Rxb2 32. Qxg5 Rbe2 33. Qd8+ Kh7 34. Qh4+ Kg8 35. f5 Re4 36. Qd8+ Kh7 37. Qg5 Rxd4 38. Qg6+ Kg8 39. f6 Kf8 40. Qxg7+ Ke8 41.
f7+ Kd7 42. f8=Q+ Ke6 43. Qge7# 1-0

[Event "*** Titled Tuesday Blitz"]
[Site "Chess.com"]
[Date "2020.04.21"]
[Round "4"]
[White "Oglob71"]
[Black "machupichu10"]
[Result "0-1"]
[WhiteElo "2453"]
[BlackElo "2762"]
[TimeControl "180+1"]
[EndTime "10:40:14 PDT"]
[Termination "machupichu10 won by resignation"]

1. d4 d5 2. Nf3 c6 3. c4 Nf6 4. e3 e6 5. Bd3 Nbd7 6. O-O Bd6 7. Nbd2 O-O 8. e4 dxe4 9. Nxe4 Nxe4 10. Bxe4 Nf6 11.
Bc2 h6 12. c5 Bc7 13. Re1 b6 14. Be3 bxc5 15. dxc5 Qxd1 16. Rexd1 Nd5 17. Bd4 f6 18. a3 Rb8 19. Ba4 Bd7 20. Rab1 Kf7 21. Nd2 e5 22. Be3 Bf5 23. Rbc1 Rfd8 24. Nc4 Nxe3 25.
Nxe3 Be6 26. b4 Rd4 27. Bxc6 Rbd8 28. Rxd4 exd4 29. Nf1 Bf4 30. Rd1 Bb3 31. Rd3 Bc4 32. Rd1 Be2 33. Rb1 Bd3 34. Rd1 Bc2 35. Ra1 d3 36. Bf3 Be5 37. Re1 d2 38. Nxd2 Rxd2 39.
c6 Bf5 40. g3 Bd4 41. Rf1 Rc2 42. Bg2 g5 43. h3 h5 44. b5 g4 45. hxg4 hxg4 46. a4 Bb6 47. Kh2 Rxf2 48. Ra1 Be4 49. Rg1 Rc2 50. a5 Bxg1+ 51. Kxg1 Rxg2+ 52. Kf1 Rc2 53.
Ke1 Bxc6 0-1

[Event "*** Titled Tuesday Blitz"]
[Site "Chess.com"]
[Date "2020.04.21"]
[Round "4"]
[White "bupunsu01"]
[Black "drd_davi"]
[Result "0-1"]
[WhiteElo "2290"]
[BlackElo "2532"]
[TimeControl "180+1"]
[EndTime "10:40:14 PDT"]
[Termination "drd_davi won on time"]

1. d4 Nf6 2. c4 e6 3. a3 c5 4. Nf3 cxd4 5. Nxd4 Nc6 6. Nc3 Be7 7. Bg5 O-O 8. e3 h6 9. Bh4 d5 10. cxd5 Nxd5 11.
Bxe7 Ncxe7 12. Nxd5 Qxd5 13. Qf3 Qa5+ 14. b4 Qc7 15.
Nb5 Qe5 16. Qd1 Bd7 17. Nd4 Bc6 18. Nxc6 Qc3+ 19. Ke2 Nxc6 20. Qc1 Qe5 21. f4 Qe4 22. Kf2 Rac8 23. Qb2 Ne7 24. Be2 Nf5 25. Qe5 Qxe5 26. fxe5 Rc2 27. Rhd1 Rfc8 28. Rd7 R8c3 29. e4 Re3 30. Re1 Rxe4 0-1

[Event "*** Titled Tuesday Blitz"]
[Site "Chess.com"]
[Date "2020.04.21"]
[Round "4"]
[White "Embrujada"]
[Black "politeplayer"]
[Result "1-0"]
[WhiteElo "2452"]
[BlackElo "2163"]
[TimeControl "180+1"]
[EndTime "10:40:14 PDT"]
[Termination "Embrujada won by checkmate"]

1. b3 a5 2. a3 b5 3. e3 Bb7 4. Nf3 b4 5. c4 bxc3 6. Nxc3 Nf6 7. Bc4 d5 8. Bb5+ c6 9. Be2 Nbd7 10. Bb2 e5 11. Qc2 Bd6 12. O-O O-O 13. d3 Re8 14. Na4 e4 15. Nd4 Ne5 16. Nc5 Bxc5 17. Qxc5 exd3 18.
Bd1 Ne4 19. Qc1 c5 20. Nb5 c4 21. f4 d2 22. Qc2 Nd3 23. Bd4 Ba6 24. bxc4 dxc4 25.
Qxc4 Ne1 26. Qe2 a4 27. Rb1 Rb8 28. Bxa4 Qa5 29. Rb4 Nd6 30. Qg4 g6 31. Nxd6 Rxb4 32. Nxe8 Rxd4 33. exd4 Qxa4 34. Nf6+ Kg7 35. Qh4 Qc4 36.
Qxh7+ Kxf6 37. Qh8+ Ke6 38. Qe8+ Kf6 39. Qe5# 1-0

[Event "*** Titled Tuesday Blitz"]
[Site "Chess.com"]
[Date "2020.04.21"]
[Round "4"]
[White "Baby_Legs"]
[Black "Vaathi_Coming"]
[Result "0-1"]
[WhiteElo "2701"]
[BlackElo "2844"]
[TimeControl "180+1"]
[EndTime "10:40:15 PDT"]
[Termination "Vaathi_Coming won by resignation"]

1. d4 Nf6 2. c4 g6 3. Nc3 d5 4.
Nf3 Bg7 5. Bf4 O-O 6. Rc1 c6 7. e3 Bg4 8. Qb3 Bxf3 9. gxf3 b6 10. cxd5 Nxd5 11. Nxd5 cxd5 12. Bb5 e6 13. Qa3 a6 14. Bc7 Qc8 15. Ke2 Qb7 16. Bd3 Nc6 17. Bg3 Rfc8 18.
Rc2 Bf8 19. Bd6 Nxd4+ 20. exd4 Rxc2+ 21. Bxc2 Qc6 22. Qc3 Qxd6 23. Bd3 Bg7 24. Rc1 Qxh2 25. Qc6 Rf8 26. Qxb6 Qf4 27. Rc6 Bxd4 28. Qxa6 Qh2 29. a4 Qxf2+ 30. Kd1 Qxf3+ 31. Kc2 Qf2+ 32. Be2 h5 33. Qd3 h4 34. a5 h3 35. Qf3 Qe1 36. Qf1 Qb4 37. b3 h2 38. Qg2 Rb8 39.
Bc4 0-1

[Event "*** Titled Tuesday Blitz"]
[Site "Chess.com"]
[Date "2020.04.21"]
[Round "4"]
[White "konradrutkowski"]
[Black "dcann0n88"]
[Result "1-0"]
[WhiteElo "2192"]
[BlackElo "2405"]
[TimeControl "180+1"]
[EndTime "10:40:15 PDT"]
[Termination "konradrutkowski won by resignation"]

1. e4 c5 2. Nf3 e6 3. d3 Nc6 4.
g3 g6 5. Bg2 Bg7 6. O-O Nge7 7.
c3 O-O 8. Re1 d5 9. e5 h6 10. h4 Bd7 11. Bf4 b5 12. Nbd2 a5 13.
Nf1 d4 14. cxd4 cxd4 15. Rc1 Nd5 16. Qd2 Kh7 17. N1h2 Rc8 18. Ng4 Nxf4 19. Qxf4 Nb4 20. Rxc8 Bxc8 21. Rd1 Nxa2 22. Nxd4 Qb6 23. h5 Bb7 24.
Be4 Bxe4 25. Qxe4 Nb4 26. hxg6+ fxg6 27. Rc1 h5 28. Nf6+ Bxf6 29. exf6 Rxf6 30. Qe5 Rf7 31. Rc8 Rg7 32. Nxe6 Qb7 33. Ng5+ Kh6 34. Rh8+ Rh7 35. Rxh7+ Qxh7 36. Nxh7 Kxh7 37. Qe7+ Kh6 38. Qc5 Nxd3 39. Qxb5 Nc1 40. Qxa5 Ne2+ 41. Kf1 Nd4 42. Qd2+ 1-0

[Event "*** Titled Tuesday Blitz"]
[Site "Chess.com"]
[Date "2020.04.21"]
[Round "4"]
[White "MarcoCorvi"]
[Black "MokshAD1603"]
[Result "1-0"]
[WhiteElo "2167"]
[BlackElo "2430"]
[TimeControl "180+1"]
[EndTime "10:40:15 PDT"]
[Termination "MarcoCorvi won by checkmate"]

1. e4 e5 2. Nf3 Nc6 3. Bb5 a6 4. Bxc6 dxc6 5. O-O Qf6 6. d4 exd4 7. e5 Qg6 8. Qxd4 Be7 9. Nc3 Nh6 10. Bxh6 Qxh6 11.
Rad1 O-O 12. Rfe1 Be6 13. Qe3 Qxe3 14. Rxe3 Rfd8 15. Red3 Rxd3 16. Rxd3 Rd8 17. Rxd8+ Bxd8 18. Kf1 c5 19. Ke2 Kf8 20. Ne4 b6 21. b3 a5 22. c4 h6 23. Ke3 g5 24. h3 Be7 25.
Ne1 Ke8 26. Nd3 Kd7 27. f4 Bf5 28. g4 gxf4+ 29. Nxf4 Bh7 30. Nd5 Bxe4 31. Kxe4 Bh4 32.
Kf5 c6 33. Nf6+ Kd8 34. a4 Bg5 35.
Ne4 Bh4 36. Nd2 Ke7 37. Nf3 Bg3 38. h4 Bf2 39. h5 Be3 40. g5 hxg5 41. Nxg5 Kf8 42.
Ne4 Kg7 43. Nf6 Bd4 44. Ng4 Bc3 45. h6+ Kg8 46. Kf6 Bd2 47. Ke7 Bg5+ 48. Nf6+ Kh8 49. h7 Kg7 50. h8=Q+ Kxh8 51. Kxf7 b5 52. e6 Bxf6 53.
Kxf6 b4 54. e7 Kh7 55. e8=Q Kh6 56. Qh8# 1-0

[Event "*** Titled Tuesday Blitz"]
[Site "Chess.com"]
[Date "2020.04.21"]
[Round "4"]
[White "PavlovDanila"]
[Black "viditchess"]
[Result "0-1"]
[WhiteElo "2754"]
[BlackElo "2964"]
[TimeControl "180+1"]
[EndTime "10:40:16 PDT"]
[Termination "viditchess won by resignation"]

1. e4 c5 2. Nf3 d6 3. d4 cxd4 4. Nxd4 Nf6 5. Nc3 Nc6 6. Be3 Ng4 7. Bg5 Qb6 8. Bb5 Bd7 9. O-O Qxd4 10. Bxc6 Qxd1 11.
Bxd7+ Kxd7 12. Raxd1 h6 13. Bc1 g5 14. h3 Ne5 15.
Ne2 Bg7 16. g3 Rhc8 17. c3 b5 18. Kh2 Nc4 19. f4 gxf4 20. gxf4 Kc7 21. Ng3 e6 22.
Nh5 Bh8 23. f5 Be5+ 24. Kh1 Kc6 25. Rf3 Rg8 26. b3 Nb6 27. Bf4 Nd7 28. Rfd3 Nc5 29. Re3 Bxf4 30. Nxf4 exf5 31. exf5 Rae8 32. Rf3 Re5 33. Nd3 Nxd3 34. Rfxd3 d5 35. f6 Rg6 36. c4 bxc4 37. bxc4 dxc4 38. Rd6+ Kc5 39. Rd7 Rxf6 40.
Rc7+ Rc6 41. Rxa7 c3 42. Rxf7 c2 43. Rc1 Kb4 44. Rf3 Rc3 45. Rf2 Rec5 46. Kg2 Ka3 47. Rff1 Kb2 48. Kf2 Rf5+ 49. Ke2 Rxf1 50. Rxf1 c1=Q 51.
Rxc1 Rxc1 52. a4 Ra1 53. Kf3 Rxa4 54. h4 Kc3 55. Kg3 Kd4 0-1

[Event "*** Titled Tuesday Blitz"]
[Site "Chess.com"]
[Date "2020.04.21"]
[Round "4"]
[White "StockholmMissile"]
[Black "LordIron"]
[Result "1-0"]
[WhiteElo "2455"]
[BlackElo "2263"]
[TimeControl "180+1"]
[EndTime "10:40:16 PDT"]
[Termination "StockholmMissile won by resignation"]

1. d4 Nf6 2. c4 g6 3. Nc3 d5 4.
Nf3 Bg7 5. h4 Bg4 6. Ne5 Bf5 7.
Qb3 Nc6 8. Nxc6 bxc6 9. e3 O-O 10. Be2 h5 11. O-O e6 12. Qa4 c5 13. dxc5 Nd7 14.
cxd5 exd5 15. Nxd5 Nxc5 16. Qc4 Ne6 17. Rd1 c6 18.
Nc3 Qf6 19. Bd2 Rfd8 20. Be1 Re8 21. Rac1 Nc7 22. b3 Rad8 23. Rxd8 Rxd8 24. Na4 Be6 25. Qxc6 Nd5 26. Qb5 Qxh4 27. Bf3 Nf6 28. Nc5 Bg4 29. Qc4 Qg5 30. Ne4 Qe5 31. Nxf6+ Bxf6 32. Bxg4 hxg4 33. Qxg4 Rd3 34. Rc8+ Kg7 35. Qh3 Bd8 36. Rc1 g5 37.
Qg4 Kg6 38. Qe2 f5 39. Qxd3 g4 40. Qxd8 1-0

[Event "*** Titled Tuesday Blitz"]
[Site "Chess.com"]
[Date "2020.04.21"]
[Round "4"]
[White "GMKrikor"]
[Black "LuckSlayeer"]
[Result "1-0"]
[WhiteElo "2734"]
[BlackElo "2519"]
[TimeControl "180+1"]
[EndTime "10:40:17 PDT"]
[Termination "GMKrikor won on time"]

1. d4 Nf6 2. c4 e6 3. Nc3 Bb4 4. Bd2 O-O 5. Nf3 d5 6. e3 c5 7. a3 Bxc3 8. Bxc3 Ne4 9. Rc1 Nc6 10. dxc5 Nxc3 11. Rxc3 a5 12. cxd5 exd5 13. Be2 Bf5 14. O-O Be4 15. Nd4 Ne5 16. f3 Bg6 17. Qd2 a4 18.
Rd1 Qa5 19. Rcc1 Qd8 20. Nb5 Qf6 21. Nc7 Rad8 22. Nxd5 Qh4 23. e4 f5 24. g3 Qh3 25.
exf5 Bxf5 26. Qe3 Nc6 27. Bf1 Qh5 28. g4 Bxg4 29. fxg4 Qxg4+ 30. Qg3 Qe6 31. Bg2 Kh8 32. Kh1 Ne5 33. Re1 Rxd5 34. Bxd5 Qxd5+ 35. Qg2 Nf3 36. Rf1 Qe4 37. Rc3 1-0

[Event "*** Titled Tuesday Blitz"]
[Site "Chess.com"]
[Date "2020.04.21"]
[Round "4"]
[White "fancyknightmaneuvers"]
[Black "allvim"]
[Result "1-0"]
[WhiteElo "2609"]
[BlackElo "2308"]
[TimeControl "180+1"]
[EndTime "10:40:17 PDT"]
[Termination "fancyknightmaneuvers won by resignation"]

1. e4 c5 2. Nf3 d6 3. Bb5+ Bd7 4.
Bxd7+ Qxd7 5. c4 Nc6 6. Nc3 e6 7. d4 cxd4 8. Nxd4 Nf6 9. Be3 Be7 10. f3 O-O 11. O-O Rac8 12. Qe2 a6 13. Rfd1 Qc7 14.
Rac1 Nxd4 15. Rxd4 e5 16. Rdd1 Qxc4 17. Qf2 Qe6 18. Bb6 Nd7 19. Nd5 Rxc1 20. Rxc1 Nf6 21.
Nxe7+ Qxe7 22. Rc7 Qe6 23. b3 Rc8 24. Qc2 Rxc7 25. Qxc7 h6 26. Qxb7 d5 27. exd5 Nxd5 28. Bc5 Nf4 29. Be3 Ne2+ 30. Kf2 Nd4 31. Qa8+ Kh7 32.
Bxd4 exd4 33. Qe4+ Qxe4 34. fxe4 Kg6 35. Ke2 Kf6 36. Kd3 Ke5 37. b4 g6 38. a4 f5 39.
exf5 gxf5 40. g3 h5 41. b5 axb5 42. axb5 Kd5 43. b6 Kc6 44. Kxd4 f4 45. gxf4 1-0